 Dungeon Crawl Stone Soup version 0.28.0 (webtiles) character file.

Game seed: 10931984043485134940

93 Prodoman the Magician (level 4, 0/30 HPs)
             Began as a Demonspawn Hedge Wizard on Feb 4, 2022.
             Slain by Crazy Yiuf (3 damage)
             ... on level 2 of the Dungeon.
             The game lasted 00:11:10 (3157 turns).

Prodoman the Magician (Demonspawn Hedge Wizard)     Turns: 3157, Time: 00:11:12

Health: 0/30       AC:  4    Str: 10    XL:     4   Next: 37%
Magic:  7/9        EV: 11    Int: 18    God:
Gold:   69         SH:  6    Dex: 12    Spells: 6/10 levels left

rFire   . . .      SeeInvis .   g - +0 quarterstaff
rCold   . . .      Faith    .   (shield currently unavailable)
rNeg    . . .      Spirit   .   e - +0 leather armour
rPois   .          Reflect  .   c - +0 hat
rElec   .          Harm     .   (no cloak)
rCorr   .          Rampage  .   f - +0 pair of gloves
Will    .....                   (no boots)
Stlth   ++........              (no amulet)
HPRegen 0.10/turn               (no ring)
MPRegen 0.11/turn               (no ring)

@: no status effects
A: hooves 1, large bone plates 2
a: no special abilities


You were on level 2 of the Dungeon.
You visited 1 branch of the dungeon, and saw 2 of its levels.

You collected 69 gold pieces.

Inventory:

Hand Weapons
 a - a +0 dagger
 g - a +0 quarterstaff (weapon)
Armour
 b - a +0 robe
 c - a +0 hat (worn)
 e - a +0 leather armour (worn)
 f - a +0 pair of gloves (worn)
Scrolls
 d - a scroll of vulnerability {unknown}
 h - a scroll of noise {unknown}
 j - a scroll of torment {unknown}
 k - a scroll of amnesia {unknown}
Potions
 m - a potion of degeneration {unknown}


   Skills:
 + Level 0.5 Staves
 + Level 0.7 Armour
 + Level 2.2 Dodging
 - Level 2.0 Stealth
 * Level 3.6 Spellcasting
 + Level 1.5 Conjurations
 + Level 1.0 Hexes
 + Level 1.6 Summonings
 + Level 1.3 Translocations


You had 6 spell levels left.
You knew the following spells:

 Your Spells              Type           Power      Damage    Failure   Level
a - Magic Dart            Conj           32%        1d4       11%         1
b - Slow                  Hex            24%        N/A       14%         1
c - Call Imp              Summ           9%         N/A       16%         2

Your spell library contained the following spells:

 Spells                   Type           Power      Damage    Failure   Level
 Blink                    Tloc           16%        N/A       19%         2
 Gell's Gravitas          Tloc           8%         N/A       36%         3
 Teleport Other           Tloc           8%         N/A       36%         3
 Conjure Flame            Conj/Fire      6%         6-21      41%         3
 Mephitic Cloud           Conj/Pois/Air  5%         N/A       45%         3
 Dispersal                Tloc           4%         N/A       100%        6


Dungeon Overview and Level Annotations

Branches:
Dungeon (2/15)

Altars:

Annotations:
D:2 Crazy Yiuf


Innate Abilities, Weirdness & Mutations

You have large cloven feet.
You are mostly covered in large bone plates. (SH +6)


Message History

Your crimson imp disappears in a puff of smoke!
Casting: Call Imp (safe; 16% risk of failure)
Confirm with . or Enter, or press ? or * to list all spells.
A beastly little devil appears in a puff of frigid air.
Crazy Yiuf laughs, "Candle!"
Your white imp hits Crazy Yiuf but does no damage.
Your white imp gestures at Crazy Yiuf.
The puff of frost misses Crazy Yiuf.
Your white imp gestures at Crazy Yiuf.
The puff of frost hits Crazy Yiuf.
Crazy Yiuf hits you with a +4 quarterstaff of chaos!
Ouch! That really hurt!
Crazy Yiuf freezes you.
Your white imp barely misses Crazy Yiuf.
You block Crazy Yiuf's attack.
Your white imp gestures at Crazy Yiuf.
The puff of frost hits Crazy Yiuf.
Crazy Yiuf laughs, "Mama sing-song sow!"
Crazy Yiuf hits your white imp with a +4 quarterstaff of chaos!
Your white imp dies!
Your white imp disappears in a puff of smoke!
Crazy Yiuf grits, "Cards sizzlefizz horse!"
Crazy Yiuf says, "Walk pontify snail!"
Crazy Yiuf hits you with a +4 quarterstaff of chaos.
* * * LOW HITPOINT WARNING * * *
Crazy Yiuf burns you.
* * * LOW HITPOINT WARNING * * *
It was a potion of curing.
You feel better.
Crazy Yiuf hits you with a +4 quarterstaff of chaos.
You resist with some effort.
It was a potion of magic.
Magic courses through your body. You block Crazy Yiuf's attack.
Casting: Call Imp (safe; 16% risk of failure)
Confirm with . or Enter, or press ? or * to list all spells.
A beastly little devil appears in a puff of frigid air.
Crazy Yiuf says, "East!
You shoe sanguine."
Crazy Yiuf hits you with a +4 quarterstaff of chaos!
* * * LOW HITPOINT WARNING * * *
Crazy Yiuf burns you.
You die...

##...######.# #.## #.#########
#.....#####.# ##.# #.#########
..........#.# ##.## #.........#
#.....###.#.# ##...# #.#######.#
##...## #.#.# #....# #.# #.#
##.## #.### #....# #.# #.#
#.#####.######....###.# #..
#............#g..##...########. #
###...........@.5.(.)##........
#####.###...#.............######.
............#.#######..#### ##
####.(.###..#.##### #..#### #
.....#.# #...#....# #.....#######
.###...# ##.###.#.# #...#........
.# ##### #..#..#.###...#...##...
.# #.#.#.......#####....## .#
#.###.#.###...#...####


You could see Crazy Yiuf (ally target) and a friendly white imp (summoned).

Vanquished Creatures
  5 adders (D:2)
  3 worms (D:2)
  An endoplasm (D:1)
  2 giant cockroaches
  3 hobgoblins
  3 jackals (D:1)
  A quokka (D:1)
  9 ball pythons
  6 bats
  2 frilled lizards
  A goblin (D:1)
  3 kobolds
  3 rats
42 creatures vanquished.

Notes
Turn   | Place    | Note
-------+----------+-------------------------------------------
     0 | D:1      | Prodoman the Demonspawn Hedge Wizard began the quest for
                  | the Orb.
     0 | D:1      | Reached XP level 1. HP: 13/13 MP: 4/4
   168 | D:1      | Reached skill level 1 in Translocations
   231 | D:1      | Found a faded altar of an unknown god.
   338 | D:1      | Gained mutation: You are partially covered in large bone
                  | plates. (SH +4) [demonic ancestry]
   338 | D:1      | Reached XP level 2. HP: 19/19 MP: 4/6
   648 | D:1      | Learned a level 1 spell: Slow
  1341 | D:2      | Gained mutation: You are mostly covered in large bone
                  | plates. (SH +6) [demonic ancestry]
  1341 | D:2      | Reached XP level 3. HP: 16/24 MP: 0/7
  2383 | D:2      | Gained mutation: You have large cloven feet. [demonic
                  | ancestry]
  2383 | D:2      | Reached XP level 4. HP: 22/30 MP: 0/9
  2889 | D:2      | Reached skill level 1 in Hexes
  2989 | D:2      | Found a runed translucent door.
  2990 | D:2      | Noticed Crazy Yiuf
  3075 | D:2      | Learned a level 2 spell: Call Imp
  3157 | D:2      | Slain by Crazy Yiuf

Illustrated notes

Levels and vault maps discovered:
D:1:      lightli_arrival_quake, layout_basic, shapermc_ecumenical_altar_pompeii
D:2:      layout_loops_ring, st_stairs_12, uniq_crazy_yiuf_cottage

Skill      XL: |  1  2  3  4 |
---------------+-------------+-----
Translocations | 1 |  1.3
Stealth        | 2 |  2.0
Dodging        | 2 |  2.2
Hexes          | 1 |  1.0
Staves         | |  0.5
Armour         | |  0.7
Spellcasting   | |  3.6
Conjurations   | |  1.5
Summonings     | |  1.6

Action                   |  1- 3 |  4- 6 || total
-------------------------+-------+-------++-------
Melee: Dagger            |    29 |       ||    29
       Quarterstaff      |    45 |     3 ||    48
       Punch             |     1 |       ||     1
       Kick              |       |     2 ||     2
 Cast: Magic Dart        |    85 |    19 ||   104
       Call Imp          |       |     8 ||     8
  Use: Potion            |       |     2 ||     2
Armor: Leather armour    |    35 |     5 ||    40
Dodge: Dodged            |    44 |     7 ||    51
Block: Other             |    24 |     7 ||    31
